Match 46181276
Unlisted

Match 46181276
End
Pioneer Squad
Construct Infanterie Kompanie
Grenadier Squad
MG 42 Machine Gun Team
Grenadier Squad
Construct Panzergrenadier Kompanie
251 Medium Carrier
Medical Bunker
Panzergrenadier Squad
Grenadier Squad
엽하
damong97
DebaKLeTV
hellofr13nd
0
0

Comments sign in to comment!

No comments posted yet!